 Dungeon Crawl Stone Soup version 0.21.0 (webtiles) character file.

136 tsouns the Insei (level 5, -8/42 HPs)
             Began as a Human Monk on Jan 6, 2018.
             Was a Follower of Ru.
             Killed from afar by an orc (16 damage)
             ... with a wand of acid (5)
             ... on level 4 of the Dungeon.
             The game lasted 00:07:27 (2987 turns).

tsouns the Insei (Human Monk)                       Turns: 2987, Time: 00:07:27

Health: -8/42      AC:  5    Str: 13    XL:     5   Next: 43%
Magic:  5/5        EV: 13    Int: 10    God:    Ru [*.....]
Gold:   125        SH:  0    Dex: 15    Spells: 4/4 levels left

rFire    . . .     SeeInvis +     - Unarmed
rCold    . . .     Gourm    .   (no shield)
rNeg     . . .     Faith    .   a - +0 robe
rPois    .         Spirit   .   i - +1 helmet
rElec    .         Reflect  .   m - +0 cloak
rCorr    .         Harm     .   (no gloves)
MR       .....                  (no boots)
Stlth    ++........             (no amulet)
HPRegen  0.14/turn              e - ring of see invisible
MPRegen  0.09/turn              (no ring)

@: no status effects
A: inability to train armour
a: Renounce Religion


You were on level 4 of the Dungeon.
You worshipped Ru.
Ru was aware of your devotion.
You were not hungry.

You visited 1 branch of the dungeon, and saw 4 of its levels.

You collected 125 gold pieces.

Inventory:

Missiles
 c - 5 tomahawks (quivered)
Armour
 a - a +0 robe (worn)
 i - a +1 helmet (worn)
 m - a +0 cloak (worn)
Jewellery
 e - a ring of see invisible (left hand)
Wands
 h - a wand of random effects (17)
 o - a wand of scattershot (5)
Scrolls
 g - a scroll of remove curse
 k - a scroll of teleportation
 p - a scroll of identify {unknown}
Potions
 d - a potion of haste {unknown}
 f - 2 potions of degeneration {unknown}
 j - a potion of curing {unknown}
 l - 2 potions of resistance {unknown}
Comestibles
 b - 5 rations
 n - 3 chunks of flesh


   Skills:
 + Level 4.0 Fighting
 - Level 3.0 Dodging
 - Level 2.0 Stealth
 * Level 5.0 Unarmed Combat


You had 4 spell levels left.
You didn't know any spells.

Dungeon Overview and Level Annotations

Branches:
Dungeon (4/15)
 Temple: D:4-7

Altars:
Gozag
Ru
Trog


Innate Abilities, Weirdness & Mutations

You cannot train Armour skill.


Message History

The ooze quivers.
Found a leather armour.
There is an open door here.
The orc zaps a wand.
The bolt of acid hits you!
You are splashed with acid!
The acid burns!
It is a wand of acid (5).
You are too injured to fight recklessly!
You are too injured to fight recklessly!
You are too injured to fight recklessly!
You are too injured to fight recklessly!
You are too injured to fight recklessly!
You are too injured to fight recklessly!
You are too injured to fight recklessly!
You are too injured to fight recklessly!
You are too injured to fight recklessly!
You are too injured to fight recklessly!
The orc hits you with a trident!
* * * LOW HITPOINT WARNING * * *
You hit the orc but do no damage.
The orc zaps a wand.
The bolt of acid hits you!
You die...

..(...# #..#.# ......## #..#.#
.......# #..#.########## #......#
#........#.....
#......############..#.###.#.###.
.............................# #.
.####.####.#########(......### #.
. #.. #.# ############.#####. .
##.# #.# #.@................ .#
#.# #o##########.######
#.####J##########.#
#.##.......#......#
#.##./.....#.######
#.##...>...#.# #.......#.#
+...J...#<# #.......###


You could see an ooze and an orc.

Vanquished Creatures
  Crazy Yiuf (D:2)
  Robin (D:2)
  2 adders
  A worm (D:4)
  A dart slug (D:1)
  3 leopard geckos
  6 bats
  3 giant cockroaches
  18 goblins
  9 hobgoblins
  4 jackals
  4 frilled lizards
  9 kobolds
  6 rats
68 creatures vanquished.

Vanquished Creatures (others)
  5 toadstools (D:1)
5 creatures vanquished.

Grand Total: 73 creatures vanquished

Notes
Turn   | Place    | Note
-------+----------+-------------------------------------------
     0 | D:1      | tsouns the Human Monk began the quest for the Orb.
     0 | D:1      | Reached XP level 1. HP: 18/18 MP: 1/1
   224 | D:1      | Reached XP level 2. HP: 13/24 MP: 2/2
  1062 | D:2      | Reached XP level 3. HP: 28/29 MP: 3/3
  1249 | D:2      | Noticed Robin
  1269 | D:2      | Killed Robin
  1269 | D:2      | Reached skill level 4 in Unarmed Combat
  1330 | D:2      | Reached XP level 4. HP: 35/36 MP: 4/4
  1384 | D:2      | Found a sacrificial altar of Ru.
  1416 | D:2      | Became a worshipper of Ru the Awakened
  1418 | D:2      | Gained mutation: You cannot train Armour skill. [Ru sacrifice]
  1418 | D:2      | Reached * piety under Ru
  1648 | D:2      | Found a runed door.
  1807 | D:2      | Noticed Crazy Yiuf
  1838 | D:2      | Killed Crazy Yiuf
  1861 | D:3      | Reached XP level 5. HP: 39/42 MP: 5/5
  2141 | D:3      | Found an opulent altar of Gozag.
  2309 | D:3      | Found a bloodstained altar of Trog.
  2517 | D:3      | Reached skill level 5 in Unarmed Combat
  2987 | D:4      | Killed from afar by an orc

Skill      XL: |  1  2  3  4  5 |
---------------+----------------+-----
Unarmed Combat | 4 5 |  5.0
Fighting       | 4 |  4.0
Dodging        | |  3.0
Stealth        | |  2.0

Action                   |  1- 3 |  4- 6 || total
-------------------------+-------+-------++-------
Melee: Unarmed           |   118 |   127 ||   245
       Punch             |       |     2 ||     2
Invok: Sacrifice Durabil |       |     1 ||     1
Evoke: Wand              |       |     5 ||     5
  Use: Scroll            |       |     4 ||     4
 Stab: Sleeping          |     4 |     4 ||     8
  Eat: Chunk             |     1 |     4 ||     5
       Ration            |       |     1 ||     1
Armor: Robe              |    24 |    36 ||    60
Dodge: Dodged            |   118 |    95 ||   213
